 Dungeon Crawl Stone Soup version bcrawl-1.27.6 (webtiles) character file.

Game seed: 1640070796719277265

11209299 Faustar the Warrior (level 17, -2/122 HPs)
             Began as a Gargoyle Fighter on Oct 6, 2020.
             Was the Champion of the Shining One.
             Slain by a tentacle (12 damage)
             ... attached to a kraken
             ... on level 3 of the Shoals.
             The game lasted 01:17:47 (24809 turns).

Faustar the Warrior (Gargoyle Fighter)             Turns: 24809, Time: 01:17:48

Health: -2/122     AC: 39    Str: 25    XL:     17   Next: 5%
Magic:  19/24      EV:  7    Int: 11    God:    the Shining One [******]
Gold:   2548       SH:  0    Dex:  9    Spells: 16/16 levels left

rFire    + . .     SeeInvis +   T - +0 great mace
rCold    . . .     Gourm    .   (shield currently unavailable)
rNeg     + + +     Faith    +   W - +3 plate armour {rF+}
rPois    ∞         Spirit   .   o - +0 hat
rElec    +         Reflect  .   Q - +0 cloak
rCorr    .         Harm     .   O - +0 pair of gloves
MR       +....                  r - +1 pair of boots
Stlth    ..........             G - amulet of faith
HPRegen  0.30/turn              C - +3 ring of slaying
MPRegen  0.19/turn              V - ring of see invisible

@: flying, glowing, studying Throwing
A: big wings, hooves 1, thin metallic scales 1, negative energy resistance 1,
electricity resistance, unbreathing, petrification resistance, rot immunity, AC
+12
}: 1/15 runes: barnacled
a: Stop Flying, Divine Shield, Cleansing Flame, Summon Divine Warrior, Brand
Weapon With Holy Wrath, Renounce Religion


You were on level 3 of the Shoals.
You worshipped the Shining One.
The Shining One was exalted by your worship.
You were hungry.

You visited 6 branches of the dungeon, and saw 24 of its levels.
You also visited: Volcano.

You collected 2548 gold pieces.

Inventory:

Hand Weapons
 u - a +1 flail of protection
 N - a +0 dire flail
 T - a +0 great mace (weapon)
Armour
 c - a +0 medium shield
 d - a +3 chain mail
 o - a +0 hat (worn)
 r - a +1 pair of boots (worn)
 O - a +0 pair of gloves (worn)
 Q - a +0 cloak (worn)
 W - a +3 plate armour of fire resistance (worn)
Jewellery
 C - a +3 ring of slaying (left hand)
 F - the ring of Emyseam {Ice Int+3}
   (You found it on level 2 of the Lair of Beasts)

   [ring of ice]

   It enhances your ice magic.
   It affects your intelligence (+3).
   It makes you vulnerable to fire.
   It protects you from cold.
 G - an amulet of faith (around neck)
 I - an uncursed ring of stealth
 V - a ring of see invisible (right hand)
Wands
 b - a wand of iceblast (5)
 h - a wand of paralysis (11)
 m - a wand of digging (13)
 p - a wand of polymorph (12)
Scrolls
 f - 3 scrolls of enchant armour
 g - a scroll of fear
 i - 5 scrolls of amnesia
 j - 8 scrolls of teleportation
 k - 3 scrolls of fog
 l - 2 scrolls of immolation
 v - 12 scrolls of remove curse
 w - a scroll of identify
 y - 3 scrolls of magic mapping
 z - a scroll of brand weapon
 D - 4 scrolls of enchant weapon
 H - a scroll of summoning
 K - 3 scrolls of vulnerability
 M - 2 scrolls of blinking
 S - a scroll of silence
Potions
 a - 4 potions of might
 q - 2 potions of heal wounds
 s - 12 potions of curing
 t - 5 potions of mutation
 x - 4 potions of flight
 E - 4 potions of lignification
 J - a potion of agility
 U - 3 potions of resistance
Books
 A - a manual of Throwing
Miscellaneous
 n - a phantom mirror
Comestibles
 e - 32 rations {!d}


   Skills:
 - Level 19.0 Fighting
 + Level 17.7 Maces & Flails
 - Level 13.1 Armour
 - Level 3.2 Shields
 - Level 10.0 Invocations
 - Level 4.0 Evocations


You had 16 spell levels left.
You didn't know any spells.
Your spell library contained the following spells:

 Spells                   Type           Power        Failure   Level  Hunger
 Apportation              Tloc           #.....       96%         1    None
 Beastly Appendage        Tmut           #.....       96%         1    None
 Blink Other              Tloc           #.....       96%         1    None
 Summon Small Mammal      Summ           #...         96%         1    None
 Blink                    Tloc           N/A          99%         2    ####...
 Call Imp                 Summ           #.....       99%         2    ####...
 Ensorcelled Hibernation  Hex/Ice        #.....       99%         2    ####...
 Passwall                 Tmut/Erth      #.......     99%         2    ####...
 Poisonous Vapours        Pois/Air       #.....       99%         2    ####...
 Song of Slaying          Chrm           #.......     99%         2    ####...
 Sticks to Snakes         Tmut           #.......     99%         2    ####...
 Call Canine Familiar     Summ           #.......     100%        3    #####..
 Conjure Flame            Conj/Fire      #.......     100%        3    #####..
 Ignite Poison            Fire/Tmut/Pois #.......     100%        3    #####..
 Mephitic Cloud           Conj/Pois/Air  #.......     100%        3    #####..
 Ozocubu's Armour         Chrm/Ice       #.......     100%        3    #####..
 Portal Projectile        Tloc           #.....       100%        3    #####..
 Spectral Weapon          Hex/Chrm       #.......     100%        3    #####..
 Spider Form              Tmut/Pois      #..          100%        3    #####..
 Teleport Other           Tloc           #.......     100%        3    #####..
 Ice Form                 Ice/Tmut       #.......     100%        4    ######.
 Summon Ice Beast         Ice/Summ       #.......     100%        4    ######.
 Blade Hands              Tmut           #.........   100%        5    #######
 Passage of Golubria      Tloc           N/A          100%        5    #######
 Summon Lightning Spire   Summ/Air       #.......     100%        5    #######
 Borgnjor's Vile Clutch   Necr/Erth      #.........   100%        6    #######
 Darkness                 Hex            #.........   100%        6    #######
 Freezing Cloud           Ice/Air        #.........   100%        6    #######
 Infestation              Hex/Tmut/Pois  #........    100%        6    #######
 Poison Arrow             Conj/Pois      #.........   100%        6    #######
 Shadow Creatures         Summ           N/A          100%        6    #######
 Steam Barrier            Chrm/Fire      #.........   100%        6    #######
 Time Stop                Chrm/Tloc      N/A          100%        8    #######


Dungeon Overview and Level Annotations

Branches:
Dungeon (12/12)            Temple (1/1) D:5            Lair (6/6) D:8
 Shoals (3/3) Lair:3       Spider (0/3) Lair:4        Slime (0/5) Lair:5
    Orc (1/1) D:8             Elf (1/3) Orc          Vaults (0/3) D:12
 Depths (0/5) D:12

Altars:
Ashenzari
Cheibriados
Dithmenos
Elyvilon
Fedhas
Gozag
Hepliaklqana
Kikubaaqudgha
Lugonu
Makhleb
Nemelex Xobeh
Okawaru
Qazlal
Ru
Sif Muna
Trog
Uskayaw
Vehumet
Wu Jian
Xom
Yredelemnul
Zin
The Shining One
Jiyva

Shops:
Orc (%[%%   Shoals:3 }

Annotations:
D:5 1 runed translucent door, zzzzzzzz's ghost, novice HOAc
Lair:5 exclusion: oklob plant
Lair:6 3 runed translucent doors, Winsalot's ghost, journeyman OnNe
Shoals:3 Donald


Innate Abilities, Weirdness & Mutations

You are resistant to torment.
Your stone body is resilient. (AC +12)
You are immune to poison.
Your large and strong wings let you fly indefinitely.
You resist negative energy. (rN+)
You are resistant to electric shocks. (rElec)
You can survive without breathing.
You are immune to petrification.
You are immune to rotting.
You have large cloven feet.
You are partially covered in thin metallic scales. (AC +2)


Message History

The golden flame engulfs the tentacle!!
The tentacle is heavily wounded.
The golden flame engulfs the tentacle!
The tentacle is moderately wounded.
The golden flame engulfs the kraken!
The kraken is severely wounded.
The golden flame engulfs the tentacle!!
The tentacle is heavily wounded.
The golden flame engulfs the tentacle!
The tentacle is moderately wounded.
You are feeling hungry.
You hear an angry hiss. x2
The tentacle barely misses you.
The tentacle slaps you but does no damage.
The tentacle slaps you.
* * * LOW HITPOINT WARNING * * *
The kraken bites you!
* * * LOW HITPOINT WARNING * * *
The tentacle slaps you!
You die...

≈≈≈≈≈≈≈≈≈≈≈≈≈≈≈≈≈≈≈
#≈≈≈≈≈≈≈≈≈≈≈≈≈≈≈≈≈≈
#≈≈≈≈≈≈≈≈≈≈≈≈≈≈≈≈≈≈
#≈≈≈≈≈≈≈≈≈≈≈≈≈≈≈≈≈≈
#≈≈≈≈≈≈≈≈≈≈≈≈≈≈≈≈≈≈
#≈≈≈≈≈≈≈≈≈≈≈≈≈≈≈≈≈≈
#≈≈≈≈≈≈≈≈≈≈≈≈≈≈≈≈≈≈
#wXw≈≈≈≈≈≈≈≈≈≈≈≈≈≈≈
#w@≈w≈≈≈≈≈≈≈≈≈≈≈≈,,
#≈≈≈≈≈≈≈≈≈≈≈≈≈≈≈≈≈,
#≈≈≈≈≈≈≈≈≈≈≈≈≈≈≈≈≈≈
#≈≈≈≈≈≈≈≈≈≈≈≈≈≈≈≈≈≈
#≈≈≈≈≈≈≈≈≈≈≈≈≈≈≈≈≈≈
#≈≈≈≈≈≈≈≈≈≈≈≈≈≈≈≈≈≈
#≈≈≈≈≈≈≈≈≈≈≈≈≈≈≈,≈≈
#≈≈≈≈≈≈≈≈P≈≈≈≈≈,,,,
#≈≈≈≈≈≈≈≈≈≈≈≈≈≈≈,,,


You could see a kraken and 4 tentacles.

Vanquished Creatures
  A dire elephant (Lair:6)
  A merfolk javelineer (Shoals:2)
  2 merfolk impalers (Shoals:3)
  A rakshasa (D:11)
  7 hydras
  A centaur warrior (D:10)
  2 ogre magi (Orc)
  Psyche (D:8)
  Erica (D:8)
  2 anacondas
  14 two-headed ogres
  3 merfolk aquamancers
  4 catoblepae
  A satyr (Shoals:2)
  2 merfolk avatars
  2 alligators
  3 dancing weapons
  A death knight (D:10)
  14 death yaks
  12 sea snakes
  A deep troll shaman (Lair:6)
  A deep elf knight (Orc)
  A goliath frog (Lair:6)
  A skeletal warrior (D:12)
  An unseen horror (D:12)
  4 cyclopes
  A phantasmal warrior (D:12)
  5 toenail golems (Volcano)
  A fire giant zombie (D:12)
  A swamp dragon (Shoals:2)
  23 harpies
  An orc knight (D:11)
  A necromancer (D:12)
  2 ugly things
  A stone giant zombie (D:12)
  5 deep elf magi (Volcano)
  13 manticores
  5 fauns
  11 elephants
  A merfolk siren (Shoals:3)
  3 gargoyles
  A water nymph (Shoals:2)
  9 cane toads
  An eye of devastation (Shoals:2)
  Joseph (D:8)
  7 black mambas
  3 centaur skeletons (D:11)
  4 rime drakes
  A freezing wraith (D:12)
  A yaktaur (Orc)
  5 komodo dragons
  A redback zombie (D:10)
  A guardian mummy (D:12)
  4 trolls
  A polar bear (Lair:5)
  8 merfolk
  A hornet (D:11)
  2 jumping spiders (Lair:4)
  3 wind drakes
  5 slime creatures
  A fire dragon zombie (D:12)
  9 blink frogs
  A deep troll zombie (D:12)
  7 hippogriffs
  4 snapping turtles
  7 dream sheep
  4 water elementals
  A shadow (D:10)
  23 yaks
  3 wraiths (D:12)
  4 redbacks (Lair:4)
  3 basilisks
  4 hogs (D:7)
  A human (D:7)
  A steam dragon (Lair:2)
  A hungry ghost (D:9)
  An acid dragon (D:12)
  10 water moccasins
  18 crocodiles
  10 porcupines
  2 sky beasts
  An ice beast (D:10)
  10 orc warriors
  4 black bears
  7 wolves
  26 ogres
  6 centaurs
  2 big kobolds
  11 bullfrogs
  A wyvern zombie (D:8)
  4 killer bees (D:8)
  11 wights
  2 electric eels (Lair:5)
  7 howler monkeys
  A bullfrog zombie (D:5)
  3 centaur zombies
  5 crimson imps
  6 hounds
  10 orc priests
  9 orc wizards
  2 bullfrog skeletons
  3 jellies
  6 iguanas
  7 hell rats (Lair:6)
  7 worker ants
  A killer bee zombie (D:7)
  A hound skeleton (D:6)
  A hound zombie (D:9)
  A howler monkey zombie (D:6)
  3 worker ant zombies
  7 gnolls
  7 adders
  4 shadow imps
  3 worms
  2 dart slugs
  4 leopard geckos
  45 orcs
  8 bats
  A giant cockroach (D:1)
  4 goblins
  7 hobgoblins
  6 jackals
  2 quokkas
  A ball python (D:1)
  3 frilled lizards
  19 kobolds
  A quokka skeleton (D:3)
  2 rats (D:1)
  A plant (Lair:5)
617 creatures vanquished.

Vanquished Creatures (collateral kills)
  Polyphemus (Shoals:3)
  2 merfolk javelineers (Shoals:3)
  A merfolk impaler (Shoals:3)
  2 merfolk avatars
  A catoblepas (Shoals:3)
  2 death yaks (Shoals:3)
  A two-headed ogre (Orc)
  3 merfolk aquamancers (Shoals:3)
  2 ogre magi (Orc)
  A sea snake (Shoals:3)
  A faun (Shoals:2)
  2 manticores (Shoals:3)
  4 merfolk
  A hippogriff (Shoals:1)
  A snapping turtle (Shoals:3)
  7 ogres (Orc)
  A bat (Shoals:1)
33 creatures vanquished.

Vanquished Creatures (others)
  A fire bat (D:12)
  18 fungi
  17 plants
36 creatures vanquished.

Grand Total: 686 creatures vanquished

Notes
Turn   | Place    | Note
-------+----------+-------------------------------------------
     0 | D:1      | Faustar the Gargoyle Fighter began the quest for the Orb.
     0 | D:1      | Reached XP level 1. HP: 14/14 MP: 1/1
    81 | D:1      | Reached XP level 2. HP: 18/19 MP: 2/2
   663 | D:1      | Reached XP level 3. HP: 24/24 MP: 3/3
   823 | D:2      | Reached skill level 4 in Fighting
  1066 | D:2      | Found a basalt altar of Yredelemnul.
  1109 | D:2      | Found a hide-covered altar of Uskayaw.
  1384 | D:3      | Found a shimmering blue altar of Sif Muna.
  1385 | D:3      | Found a hazy altar of Hepliaklqana.
  1385 | D:3      | Found a shadowy altar of Dithmenos.
  1385 | D:3      | Found a glowing silver altar of Zin.
  1441 | D:3      | Found a basalt altar of Yredelemnul.
  1550 | D:3      | Reached XP level 4. HP: 28/30 MP: 4/4
  1818 | D:3      | Found a stormy altar of Qazlal.
  1934 | D:3      | Found a bloodstained altar of Trog.
  2042 | D:4      | Reached XP level 5. HP: 20/34 MP: 5/5
  2135 | D:4      | Reached skill level 5 in Fighting
  2203 | D:4      | Noticed an ogre
  2221 | D:4      | Killed an ogre
  2221 | D:4      | Reached XP level 6. HP: 41/41 MP: 6/6
  2549 | D:4      | Reached skill level 6 in Fighting
  2559 | D:4      | Reached skill level 5 in Maces & Flails
  2703 | D:4      | Reached XP level 7. HP: 47/47 MP: 7/7
  3012 | D:5      | Entered Level 5 of the Dungeon
  3224 | D:5      | Reached skill level 7 in Fighting
  3225 | D:5      | Found a runed translucent door.
  3225 | D:5      | Noticed zzzzzzzz's ghost (novice HOAc)
  3239 | D:5      | Found a sparkling altar of Nemelex Xobeh.
  3293 | D:5      | Found a staircase to the Ecumenical Temple.
  3315 | Temple   | Entered the Ecumenical Temple
  3440 | D:5      | Noticed a rust devil
  3551 | D:5      | Found a glowing golden altar of the Shining One.
  3677 | D:5      | Became a worshipper of the Shining One
  3721 | D:5      | Noticed an angel
  3835 | D:5      | Reached XP level 8. HP: 54/54 MP: 8/8
  3958 | D:6      | Found a sacrificial altar of Ru.
  4039 | D:6      | Found an iron altar of Okawaru.
  4087 | D:6      | Reached skill level 8 in Fighting
  4355 | D:6      | Reached * piety under the Shining One
  4407 | D:6      | Noticed a red ugly thing
  4431 | D:6      | Killed a red ugly thing
  4431 | D:6      | Reached skill level 9 in Fighting
  4431 | D:6      | Reached XP level 9. HP: 59/61 MP: 9/9
  4950 | D:7      | Reached skill level 5 in Armour
  5510 | D:8      | Reached XP level 10. HP: 42/66 MP: 10/10
  5588 | D:8      | Found an opulent altar of Gozag.
  5617 | D:8      | Noticed Joseph
  5674 | D:8      | Reached skill level 10 in Armour
  5798 | D:8      | Found a staircase to the Lair.
  5878 | D:8      | Killed Joseph
  5997 | D:8      | Noticed Psyche
  6001 | D:8      | Noticed Erica
  6004 | D:8      | Killed Psyche
  6031 | D:8      | Killed Erica
  6083 | D:8      | Noticed a two-headed ogre
  6103 | D:8      | Killed a two-headed ogre
  6103 | D:8      | Reached XP level 11. HP: 43/71 MP: 11/11
  6251 | D:8      | Reached skill level 1 in Invocations
  6574 | D:8      | Reached ** piety under the Shining One
  6663 | D:8      | Found a staircase to the Orcish Mines.
  6691 | D:8      | HP: 4/106 [orc warrior/+0 war axe (14)]
  7095 | D:9      | Reached skill level 1 in Evocations
  7099 | D:9      | Noticed a cyclops
  7240 | D:8      | Got a slimy pewter ring
  7300 | D:8      | Identified the ring "Cauxtow" {+Fly rPois} (You found it on
                  | level 8 of the Dungeon)
  7361 | Lair:1   | Entered Level 1 of the Lair of Beasts
  7872 | Lair:1   | Noticed a six-headed hydra
  7878 | Lair:1   | Killed a six-headed hydra
  7878 | Lair:1   | Reached skill level 10 in Fighting
  8615 | Lair:2   | Got a translucent gossamer ring
  9228 | Lair:2   | Reached XP level 12. HP: 71/79 MP: 15/15
  9388 | Lair:3   | Reached skill level 11 in Fighting
  9419 | Lair:3   | Reached skill level 10 in Maces & Flails
  9744 | Lair:3   | Noticed a death yak
  9744 | Lair:3   | Noticed a death yak
  9795 | Lair:3   | Killed a death yak
  9941 | Lair:4   | Noticed a six-headed hydra
  9947 | Lair:4   | Killed a six-headed hydra
 10153 | Lair:4   | Reached skill level 12 in Fighting
 10177 | Lair:4   | Noticed a two-headed ogre
 10177 | Lair:4   | a redback changed into a two-headed ogre
 10186 | Lair:4   | Killed a two-headed ogre
 10209 | Lair:3   | Noticed a death yak
 10209 | Lair:3   | Noticed a death yak
 10209 | Lair:3   | Noticed a death yak
 10209 | Lair:3   | Reached *** piety under the Shining One
 10209 | Lair:3   | Noticed a death yak
 10716 | Lair:4   | Noticed an eight-headed hydra
 10723 | Lair:4   | Killed an eight-headed hydra
 11023 | Lair:4   | Noticed a death yak
 11023 | Lair:4   | Noticed a death yak
 11045 | Lair:4   | Killed a death yak
 11045 | Lair:4   | Reached skill level 13 in Fighting
 11056 | Lair:4   | Killed a death yak
 11056 | Lair:4   | Reached XP level 13. HP: 76/88 MP: 16/16
 11256 | Lair:4   | Found a hole to the Spider Nest.
 11610 | Lair:3   | Found a staircase to the Shoals.
 11968 | Lair:5   | Gained mutation: You are partially covered in thin metallic
                  | scales. (AC +2) [potion of mutation]
 11968 | Lair:5   | Gained mutation: You have large cloven feet. [potion of
                  | mutation]
 12265 | Lair:4   | Reached skill level 14 in Fighting
 12718 | Lair:5   | Got a bloodstained robe
 12968 | Lair:5   | Found a viscous altar of Jiyva.
 12969 | Lair:5   | Found a staircase to the Slime Pits.
 12978 | Lair:5   | Got an obsidian-encrusted ring mail
 13203 | Lair:5   | Identified the +4 ring mail of Beauty {rElec Stlth+} (You
                  | found it on level 5 of the Lair of Beasts)
 13221 | Lair:5   | Identified the ring of Emyseam {Ice Int+3} (You found it on
                  | level 2 of the Lair of Beasts)
 13271 | Lair:6   | Entered Level 6 of the Lair of Beasts
 13511 | Lair:6   | Found a runed translucent gate.
 13512 | Lair:6   | Found a runed translucent gate.
 13513 | Lair:6   | Found a runed translucent gate.
 13514 | Lair:6   | Noticed a minotaur
 13517 | Lair:6   | Noticed Winsalot's ghost (journeyman OnNe)
 13706 | Lair:6   | Reached **** piety under the Shining One
 14163 | Lair:6   | Gained mutation: Your large and strong wings let you fly
                  | indefinitely. [Gargoyle growth]
 14163 | Lair:6   | Reached XP level 14. HP: 96/96 MP: 17/17
 14167 | Lair:6   | Reached skill level 15 in Fighting
 14947 | Lair:6   | Noticed a dire elephant
 15291 | Lair:6   | Killed a dire elephant
 15620 | D:9      | Reached ***** piety under the Shining One
 15941 | D:9      | Found a shattered altar of Ashenzari.
 15945 | D:9      | Saw a vision of the Shoals and the Spider Nest.
 16113 | D:9      | Found a burning altar of Makhleb.
 16114 | D:9      | Found a white marble altar of Elyvilon.
 16279 | D:10     | Entered Level 10 of the Dungeon
 16461 | D:10     | Reached skill level 5 in Invocations
 17993 | Orc      | Entered the Orcish Mines
 18036 | Orc      | Found Syuxoczu's Antique Weapon Boutique.
 18110 | Orc      | Found a dark tunnel.
 18115 | Volcano  | Entered a volcano
 18280 | Volcano  | Reached XP level 15. HP: 90/104 MP: 21/21
 18479 | Volcano  | Reached skill level 10 in Invocations
 18684 | Orc      | Reached skill level 16 in Fighting
 18856 | Orc      | Reached skill level 15 in Maces & Flails
 18884 | Orc      | Found Lufuc's Armour Emporium.
 18884 | Orc      | Found Unul's Food Boutique.
 18885 | Orc      | Found Erphenun's Food Shop.
 18885 | Orc      | Found Xuts's Food Emporium.
 19101 | Orc      | Reached ****** piety under the Shining One
 19168 | Orc      | Found a staircase to the Elven Halls.
 19423 | Elf:1    | Entered Level 1 of the Elven Halls
 19829 | D:11     | Found a sparkling altar of Nemelex Xobeh.
 20297 | D:12     | Entered Level 12 of the Dungeon
 20751 | D:12     | Found a staircase to the Depths.
 20810 | D:12     | Reached skill level 17 in Fighting
 20939 | D:12     | Found a gate to the Vaults.
 21480 | Shoals:1 | Entered Level 1 of the Shoals
 21709 | Shoals:1 | Reached XP level 16. HP: 106/112 MP: 23/23
 22804 | Shoals:2 | Reached skill level 18 in Fighting
 23660 | Shoals:3 | Entered Level 3 of the Shoals
 23789 | Shoals:3 | Found Xuutteno's Gadget Emporium.
 23949 | Shoals:3 | Got a barnacled rune of Zot
 24107 | Shoals:3 | Noticed Polyphemus
 24132 | Shoals:3 | Killed Polyphemus
 24438 | Shoals:3 | Reached skill level 19 in Fighting
 24438 | Shoals:3 | Reached XP level 17. HP: 121/122 MP: 24/24
 24761 | Shoals:3 | Identified Kiontahach's Volume of Helpful Poison
 24797 | Shoals:3 | Noticed Donald
 24802 | Shoals:3 | Noticed a kraken
 24809 | Shoals:3 | Slain by a tentacle

Skill      XL: |  1  2  3  4  5  6  7  8  9 10 11 12 13 14 15 16 |
---------------+-------------------------------------------------+-----
Fighting       | 4 5 6 7 9 10 13 14 15 17 19 | 19.0
Maces & Flails | 3 4 5 6 8 9 12 13 14 16 17 | 17.7
Armour         | 9 13 | 13.1
Invocations    | 4 9 10 | 10.0
Evocations     | 4 |  4.0
Shields        | |  3.2

Action                   |  1- 3 |  4- 6 |  7- 9 | 10-12 | 13-15 | 16-18 || total
-------------------------+-------+-------+-------+-------+-------+-------++-------
Melee: Flail             |   132 |   125 |   307 |   598 |   327 |       ||  1489
       Dire flail        |       |       |       |       |   664 |       ||   664
       Great mace        |       |       |       |       |   119 |   214 ||   333
Invok: Divine Shield     |       |       |       |       |     3 |       ||     3
       Cleansing Flame   |       |       |       |       |     1 |     6 ||     7
       Summon Divine War |       |       |       |       |     2 |     3 ||     5
 Abil: Fly               |       |       |       |       |     1 |       ||     1
Evoke: Wand              |       |     4 |     4 |    18 |    27 |     7 ||    60
  Use: Scroll            |       |     4 |       |     4 |    12 |     9 ||    29
       Potion            |       |       |       |     6 |     5 |     1 ||    12
  Eat: Chunk             |     5 |     9 |    17 |    24 |    51 |    17 ||   123
       Ration            |       |       |       |     2 |     1 |       ||     3
Armor: Scale mail        |    90 |       |       |       |       |       ||    90
       Chain mail        |    24 |   103 |   223 |   459 |   492 |       ||  1301
       Plate armour      |       |       |       |       |   253 |   490 ||   743
Dodge: Dodged            |    75 |    40 |   112 |   199 |   286 |   171 ||   883
Block: Other             |       |       |       |       |    29 |       ||    29
